Unix NetHack Version 3.7.0-102 Work-in-progress - last build Apr 6 2024 13:22:21 (d302a6a9ff6341f1a922d8f5af178406b35fdf99,branch:master). Game began 2024-05-01 14:42:01, ended 2024-05-01 14:55:36. farfar, neutral male human Tourist ----- -------- ------ |...| |=?**$.| |....| +...| |??.d@h-)####|....| |...| |.[.!@.|# #.....+ |...| -------- |....| |...| -.--|- # |...-# ##################### # #-----# # ################ # # # # # %------ ## #.....| #-----|---- |....| #..<....... |....|# |........| |....-# |........| |....| ---------- ------ Farfar the Rambler St:9 Dx:13 Co:16 In:13 Wi:6 Ch:17 Neutral S:229 Dlvl:3 $:262 HP:0(10) Pw:2(2) AC:7 Xp:1/19 T:1067 Burdened Latest messages: The little dog picks up an unlabeled scroll. You stop. Your little dog is in the way! The little dog drops an unlabeled scroll. The little dog picks up a light blue spellbook. The little dog drops a light blue spellbook. "Aloha, farfar! Welcome again to Akranes' general store!" The little dog picks up a light blue spellbook. The little dog drops a light blue spellbook. What do you want to throw? [$az or ?*] In what direction? The little dog catches the tripe ration. The little dog eats an uncursed tripe ration. "Aloha, farfar! Welcome again to Akranes' general store!" There is an open door here. You see here a light blue spellbook. H - a light blue spellbook. There are two objects here. You see here a studded leather armor (for sale, 15 zorkmids). You see here a pair of hard shoes (for sale, 21 zorkmids). The little dog picks up a yellow potion. The little dog drops a yellow potion. You stop. Your little dog is in the way! The little dog picks up an unlabeled scroll. You stop. Your little dog is in the way! You stop. Your little dog is in the way! The little dog drops an unlabeled scroll. There are a few objects here. You stop. Your little dog is in the way! The little dog picks up a gold piece. You stop. Your little dog is in the way! The little dog drops a gold piece. You see here a gold piece. You are almost hit by a runed dagger. The little dog picks up an unlabeled scroll. $ - a gold piece (262 in total). I - a runed dagger. The little dog drops an unlabeled scroll. You see here an unlabeled scroll (no charge). You have a little trouble lifting F - an unlabeled scroll. Your movements are slowed slightly because of your load. In what direction? The dart hits the hobbit. The hobbit hits! You stop. Your little dog is in the way! The hobbit hits! The hobbit hits! You die... Akranes gratefully inherits all your possessions. Do you want to see what you had when you died? [ynq] (y) Do you want to see your attributes? [ynq] (y) Inventory: Coins $ - 262 gold pieces Weapons a - 21 +2 darts (at the ready) I - a +0 elven dagger z - a cursed +1 axe Armor q - an uncursed +0 dwarvish iron helm w - an uncursed +0 cloak of protection (being worn) k - an uncursed +0 Hawaiian shirt with a jellyfish motif (being worn) Comestibles e - an uncursed slime mold d - an uncursed clove of garlic g - an uncursed cream pie c - 8 uncursed food rations B - a cursed food ration f - an uncursed fortune cookie D - an uncursed lembas wafer E - an uncursed tripe ration A - 2 cursed rotten tins of fox meat Scrolls F - an uncursed scroll of blank paper o - a cursed scroll of charging n - an uncursed scroll of create monster j - a blessed scroll of magic mapping i - 3 uncursed scrolls of magic mapping Spellbooks H - an uncursed spellbook of create monster t - an uncursed spellbook of sleep Potions u - a cursed potion of confusion h - 2 uncursed potions of extra healing s - an uncursed potion of gain energy r - 2 uncursed potions of healing p - an uncursed potion of speed Tools C - an uncursed blindfold m - an uncursed credit card l - an expensive camera (0:85) y - a cursed pair of lenses Gems/Stones v - 2 uncursed worthless pieces of yellow glass Farfar the Tourist's attributes: Background: You were a Rambler, a level 1 male human Tourist. You were neutral, nominally on a mission for The Lady who was opposed by Blind Io (lawful) and Offler (chaotic). You were right-handed. You were in the Dungeons of Doom, on level 3. You entered the dungeon 1067 turns ago. You had 19 experience points, 1 more was needed to attain level 2. Your score was 229 before end-of-game adjustments. Basics: You had 0 out of 10 hit points. You had both energy points (spell power). Your armor class was 7. Your wallet contained 262 zorkmids. Autopickup was off. Final Characteristics: Your strength was 9 (limit:18/100). Your dexterity was 13 (peak:14, limit:18). Your constitution was 16 (limit:18). Your intelligence was 13 (limit:18). Your wisdom was 6 (limit:18). Your charisma was 17 (limit:18). Final Status: You weren't hungry. You were burdened; movement was slightly slowed. You were bare handed. You were unskilled in bare handed combat. Final Attributes: You were fervently aligned. You were protected. You are dead. Miscellaneous: You never encountered a bones level. Total elapsed playing time was 13 minutes and 33 seconds. Major events: Turn 1: farfar the neutral male human Tourist entered the dungeon 338: entered the Gnomish Mines 1067: killed by a hobbit Vanquished creatures: a red mold 5 jackals 2 kobolds a goblin a sewer rat a grid bug a kobold zombie 5 newts 17 creatures vanquished. No species were genocided or became extinct. Voluntary challenges: You were an atheist. You never hit with a wielded weapon. You were illiterate. You never engraved Elbereth. You never genocided any monsters. You never polymorphed an object. You never changed form. You used no wishes. Achievements: You entered the Gnomish Mines. You entered a shop. The Dungeons of Doom: levels 1 to 3 Level 1: Many fountains. Level 2: A fountain, a grave. Stairs down to The Gnomish Mines. Level 3: <- You were here. A general store. Final resting place for you, killed by a hobbit. The Gnomish Mines: Level 3: Game over: ---------- / \ / REST \ / IN \ / PEACE \ / \ | farfar | | 262 Au | | killed by a | | hobbit | | | | | | 2024 | *| * * * | * _________)/\\_//(\/(/\)/\//\/|_)_______ Aloha farfar the Tourist... You died in The Dungeons of Doom on dungeon level 3 with 224 points, and 262 pieces of gold, after 1067 moves. You were level 1 with a maximum of 10 hit points when you died.